Map: Frozen Temple

Players

AaGaM - Winner!

  • Race: Protoss Protoss
  • League: Diamond

ELGOLDEN

  • Race: Protoss Protoss
  • League: Silver

VOD

https://www.youtube.com/channel/UCcSgNfDNxvyisU-eCj9xyNg/playlists

Description

Time

  • Played on: Aug. 14, 2016, 11:59 a.m.
  • Length: 5:00
Show
View Real Time Build Order
Export as new Build Order

AaGaM Protoss - Winner!

Build Orders: Mass Adepts 

Get SALT Encoding   

  12  0:01  Probe (Chrono Boost)  
  13  0:11  Probe (Chrono Boost)  
  14  0:17  Pylon  
  14  0:22  Probe (Chrono Boost)  
  15  0:36  Gateway  
  15  0:37  Probe (Chrono Boost)  
  16  0:43  Assimilator  
  16  0:48  Probe (Chrono Boost)  
  17  0:58  Probe (Chrono Boost)  
  18  1:07  Assimilator  
  18  1:09  Probe (Chrono Boost)  
  19  1:20  Gateway  
  19  1:21  Probe (Chrono Boost)  
  20  1:27  Cybernetics Core  
  20  1:32  Probe (Chrono Boost)  
  21  1:40  Pylon  
  21  1:48  Probe (Chrono Boost)  
  22  1:59  Warp Gate  
  22  2:01  Adept  
  22  2:04  Pylon  
  22  2:08  Adept  
  26  2:23  Gateway  
  26  2:24  Adept  
  28  2:45  Gateway  
  28  2:49  Adept  
  30  2:54  Adept  
  32  3:05  Pylon  
  32  3:16  Adept  
  32  3:19  Adept  
  34  3:20  Adept  
  34  3:32  Adept  
  36  3:44  Adept  
  39  3:55  Robotics Facility  
  39  3:56  Probe (Chrono Boost)  
  37  4:12  Adept x3  
  39  4:33  Stalker x2  
  39  4:34  Stalker  
  42  4:55  Stalker  
Show
View Real Time Build Order
Export as new Build Order

ELGOLDEN Protoss 

Build Orders: 1 Gate Expand, Blink Stalkers 

Get SALT Encoding   

  12  0:01  Probe (Chrono Boost)  
  13  0:12  Probe (Chrono Boost)  
  14  0:21  Pylon  
  14  0:22  Probe (Chrono Boost)  
  15  0:39  Probe (Chrono Boost)  
  16  0:44  Gateway  
  17  0:50  Probe (Chrono Boost)  
  17  1:00  Probe (Chrono Boost)  
  18  1:14  Nexus  
  18  1:18  Assimilator  
  18  1:27  Assimilator  
  18  1:29  Probe (Chrono Boost)  
  19  1:37  Cybernetics Core  
  19  1:40  Probe (Chrono Boost)  
  20  1:50  Probe (Chrono Boost)  
  20  1:53  Pylon  
  22  2:01  Probe (Chrono Boost)  
  22  2:14  Twilight Council  
  22  2:16  Probe (Chrono Boost)  
  23  2:23  Stalker  
  23  2:26  Probe (Chrono Boost)  
  23  2:28  Probe (Chrono Boost)  
  27  2:36  Assimilator  
  27  2:37  Probe (Chrono Boost)  
  27  2:39  Probe (Chrono Boost)  
  29  2:46  Blink  
  29  2:49  Probe (Chrono Boost)  
  30  2:53  Probe (Chrono Boost)  
  31  3:01  Probe (Chrono Boost)  
  32  3:07  Mothership Core (Chrono Boost)  
  35  3:13  Probe (Chrono Boost)  
  34  3:23  Probe (Chrono Boost)  
  35  3:34  Probe (Chrono Boost), Gateway x2  
  35  3:39  Gateway  
  33  4:11  Probe (Chrono Boost)  
  33  4:12  Probe (Chrono Boost)  
  35  4:21  Probe (Chrono Boost)  
  35  4:24  Probe (Chrono Boost)  
  35  4:32  Probe (Chrono Boost)  
  35  4:36  Probe (Chrono Boost)  
  31  4:42  Probe (Chrono Boost)  
  31  4:43  Pylon  
  32  4:49  Probe (Chrono Boost)  
Tags
 
Add a new tag
Caveats
  • Supply blocks, unpowered buildings, or Contaminate may cause inaccurate times.
  • Supply counts are checked every 10 seconds.